 Dungeon Crawl Stone Soup version 0.31-a0-1300-gb6740aa4e6 (webtiles) character file.

Game seed: 10580125931018081123

9793 jlumianski the Grappler (level 11, -3/123 (126) HPs)
             Began as a Gnoll Shapeshifter on Dec 19, 2023.
             Was a Priest of Okawaru.
             Slain by Urug
             ... wielding a +6 eveningstar
              (17 damage)
             ... on level 10 of the Dungeon.
             The game lasted 00:52:34 (10498 turns).

jlumianski the Grappler (Gnoll Shapeshifter)       Turns: 10498, Time: 00:52:37

HP:   -3/123 (126)  AC:  4    Str: 19    XL:     11   Next: 52%
MP:   19/20         EV: 14    Int:  9    God:    Okawaru [***...]
Gold: 681           SH:  0    Dex: 11    Spells: 18/23 levels left

rFire   + . .        G - +11 trident "Lacertilianbane" {pain, rF+ Will+}
rCold   . . .        p - orb {light}
rNeg    . . .        a - +1 troll leather armour {Snorg}
rPois   .            (helmet currently unavailable)
rElec   .            (cloak currently unavailable)
rCorr   .            (gloves currently unavailable)
SInv    .            (boots currently unavailable)
Will    +....        K - amulet of magic regeneration Stlth
                     u - ring of flight
HPRegen 1.20/turn    (no ring)
MPRegen 0.57/turn

%: no passive effects
@: berserking, beast-form, freezing walls, flying, glowing, lightly drained,
very quick
A: beast (slay +4), fangs 1, strong nose, distributed training
a: Begin Untransformation, Renounce Religion, Heroism


You were on level 10 of the Dungeon.
You worshipped Okawaru.
Okawaru was most pleased with you.
You were a hulking beast.
You visited 3 branches of the dungeon, and saw 13 of its levels.
You also visited: Ossuary.

You collected 681 gold pieces.

Inventory:

Hand Weapons
 F - a +0 orcbow
 G - the +11 trident "Lacertilianbane" (weapon) {pain, rF+ Will+}
   (You found it on level 5 of the Dungeon)

   rF+:       It protects you from fire.
   Will+:     It increases your willpower.
Missiles
 f - 18 poisoned darts (quivered)
 C - 2 curare-tipped darts
Armour
 a - a +1 troll leather armour (worn) {Snorg}
 d - a +0 cloak
 k - a +0 chain mail
 p - an orb of light (worn)
 S - +0 acid dragon scales
Jewellery
 u - a ring of flight (left hand)
 K - an amulet of magic regeneration (around neck)
 T - a ring of protection from cold
Talismans
 c - a beast talisman
Wands
 e - a wand of acid (6)
 v - a wand of flame (13)
 D - a wand of polymorph (8)
 P - a wand of mindburst (15)
 X - a wand of roots (4)
Scrolls
 g - a scroll of revelation
 I - 2 scrolls of poison
 M - 3 scrolls of immolation
 V - a scroll of torment
 W - 2 scrolls of fear
Potions
 b - a potion of lignification
 j - a potion of enlightenment
 z - 2 potions of haste
 L - a potion of invisibility
 N - a potion of might {unknown}
 R - a potion of curing
 Y - a potion of cancellation {unknown}


   Skills:
 + Level 7.0 Fighting
 + Level 6.5 Short Blades
 + Level 6.5 Long Blades
 + Level 6.5 Axes
 + Level 6.5 Maces & Flails
 + Level 6.5 Polearms
 + Level 6.5 Staves
 + Level 6.5 Ranged Weapons
 + Level 6.5 Throwing
 + Level 6.5 Armour
 + Level 8.0 Dodging
 + Level 6.5 Stealth
 + Level 6.5 Shields
 + Level 9.3 Unarmed Combat
 + Level 6.5 Spellcasting
 + Level 5.3 Conjurations
 + Level 5.3 Hexes
 + Level 5.3 Summonings
 + Level 5.3 Necromancy
 + Level 5.3 Translocations
 + Level 5.3 Transmutations
 + Level 5.3 Fire Magic
 + Level 5.3 Ice Magic
 + Level 5.3 Air Magic
 + Level 5.3 Earth Magic
 + Level 5.3 Poison Magic
 + Level 7.1 Invocations
 + Level 6.5 Evocations
 + Level 8.9 Shapeshifting


You had 18 spell levels left.
You knew the following spells:

 Your Spells              Type           Power      Damage    Failure   Level
a - Frozen Ramparts       Ice            24%        1d4       8%          3
b - Cigotuvi's Dreadful   Necr/Pois/Air  24%        N/A       4%          2

Your spell library contained the following spells:

 Spells                   Type           Power      Damage    Failure   Level
 Freeze                   Ice            48%        1d6       2%          1
 Hailstorm                Conj/Ice       12%        3d6       8%          3
 Sigil of Binding         Hex            12%        N/A       8%          3
 Dimensional Bullseye     Hex/Tloc       6%         N/A       26%         4
 Dispel Undead            Necr           12%        3d9       26%         4
 Call Canine Familiar     Summ           Unusable   N/A       N/A         3
 Death Channel            Necr           Unusable   N/A       N/A         6

Dungeon Overview and Level Annotations

Branches:
Dungeon (11/15)            Temple (1/1) D:7            Lair (1/5) D:10
Ossuary (visited)
    Orc: D:9-12

Altars:
Ashenzari
Cheibriados
Dithmenos
Elyvilon
Fedhas
Gozag
Hepliaklqana
Kikubaaqudgha
Makhleb
Nemelex Xobeh
Okawaru
Qazlal
Ru
Sif Muna
Trog
Uskayaw
Vehumet
Wu Jian
Xom
Yredelemnul
Zin
The Shining One

Shops:
D:3 [   D:8 *

Annotations:
D:10 Urug


Innate Abilities, Weirdness & Mutations

You are a hulking beast.
Your limbs bulge with bestial killing power. (Slay +4)
You have very sharp teeth.
Your uncanny sense of smell can sniff out nearby items.
Your experience applies equally to all skills.


Message History

Okay, then.
Unknown command.
Unknown command.
There is a stone staircase leading down here.
You hear the loud creaking of a distant portcullis.
Found a scroll of identify.
h - a scroll of identify
As you read the scroll of identify, it crumbles to dust.
V - a scroll of torment You hear the loud creaking of a very distant portcullis.
Urug the Orcish Ballista comes into view.
She is wielding a +6 eveningstar and wearing a +2 chain mail of cold resistance.
Urug shouts!
Urug throws a javelin.
The javelin pierces through you.
Urug throws a javelin.
The javelin pierces through you!!
Urug throws a javelin.
The javelin completely misses you. Urug hits you with a +6 eveningstar!!
Casting: Cigotuvi's Dreadful Rot (safe; 4% risk of failure)
Confirm with . or Enter, or press ? or * to list all spells.
Casting: Frozen Ramparts (dangerous; 8% risk of failure)
Press: ? - help, Dir - look around, f - activate This square is lit by a halo.
The walls around you are covered in ice.
The wall freezes Urug but does no damage.
Urug hits you with a +6 eveningstar!!
* * * LOW HITPOINT WARNING * * *
A red film seems to cover your vision as you go berserk!
You feel yourself moving faster!
You feel mighty!
Urug completely resists.
The wall freezes Urug but does no damage.
Urug hits you with a +6 eveningstar.
* * * LOW HITPOINT WARNING * * *
You hit Urug but do no damage. You bite Urug, but do no damage.
The wall freezes Urug but does no damage.
Urug misses you.
You puncture Urug!
Urug is lightly wounded.
Urug completely resists.
The wall freezes Urug but does no damage.
Urug hits you with a +6 eveningstar!
You die...
Urug screams, "Revenge at last!"

#####
..#..
#.#.# ∆
#.#.#
####.#..
####
#.....##
..#
#.##....
#o#
+....#..
#h#
##.#...#
#.#
#.#....
#.#
##....##
#.#
.......##
#.#
#######..
#.# #.#
#.#
#######.#
#.#
#.......#
#.#
#.#######


You could see Urug.

Vanquished Creatures
  Snorg (D:10)
  2 two-headed ogres (D:8)
  A boulder beetle (D:7)
  Maurice (D:11)
  An elephant (D:10)
  A troll (D:11)
  A hornet (D:8)
  2 shadows
  2 wyverns
  A steam dragon (D:7)
  An acid dragon (D:8)
  A water moccasin (D:6)
  5 black bears
  An orc warrior (D:6)
  An ice beast (D:6)
  3 ogres
  A phantom (D:5)
  4 centaurs
  2 lemures (D:7)
  3 kobold brigands
  5 elf zombies (Ossuary)
  Blork the orc (D:4)
  7 bullfrogs
  2 scorpions
  2 gnoll sergeants
  8 wights
  9 killer bees
  2 howler monkeys (D:9)
  An electric eel (D:11)
  4 centaur zombies (Ossuary)
  3 hounds
  A jelly (D:7)
  6 orc priests
  12 orc wizards
  4 iguanas
  2 sleepcaps
  2 crocodile zombies (Ossuary)
  A hound zombie (Ossuary)
  3 mummies (Ossuary)
  13 gnolls
  11 adders
  A shadow imp (D:8)
  4 white imps
  4 ufetubi (D:6)
  3 adder zombies (Ossuary)
  A worm (D:4)
  A dart slug (D:5)
  22 orcs
  3 bats
  6 endoplasms
  2 giant cockroaches
  10 goblins
  14 hobgoblins
  3 jackals (D:1)
  13 kobolds
  2 quokkas
  7 ball pythons
  4 ball python zombies (Ossuary)
  A frilled lizard (D:1)
  2 gnoll zombies (Ossuary)
  6 hobgoblin zombies (Ossuary)
  5 jackal zombies (Ossuary)
  4 kobold zombies (Ossuary)
  An orc zombie (Ossuary)
  3 quokka zombies (Ossuary)
  3 rats (D:1)
259 creatures vanquished.

Vanquished Creatures (collateral kills)
  Pikel (D:7)
  A bullfrog (D:7)
  An ufetubus (D:7)
3 creatures vanquished.

Grand Total: 262 creatures vanquished

Notes
Turn   | Place    | Note
-------+----------+-------------------------------------------
     0 | D:1      | jlumianski the Gnoll Shapeshifter began the quest for the
                  | Orb.
     0 | D:1      | Reached XP level 1. HP: 17/17 MP: 1/1
   220 | D:1      | Reached XP level 2. HP: 20/23 MP: 2/2
   865 | D:2      | Reached XP level 3. HP: 26/28 MP: 2/4
   949 | D:2      | Reached skill level 1 in Invocations
  1019 | D:2      | Reached skill level 1 in Short Blades
  1019 | D:2      | Reached skill level 1 in Long Blades
  1019 | D:2      | Reached skill level 1 in Axes
  1019 | D:2      | Reached skill level 1 in Maces & Flails
  1019 | D:2      | Reached skill level 1 in Polearms
  1019 | D:2      | Reached skill level 1 in Staves
  1019 | D:2      | Reached skill level 1 in Ranged Weapons
  1019 | D:2      | Reached skill level 1 in Throwing
  1019 | D:2      | Reached skill level 1 in Armour
  1019 | D:2      | Reached skill level 1 in Stealth
  1019 | D:2      | Reached skill level 1 in Shields
  1019 | D:2      | Reached skill level 1 in Spellcasting
  1019 | D:2      | Reached skill level 1 in Evocations
  1046 | D:2      | Reached XP level 4. HP: 30/34 MP: 5/5
  1311 | D:3      | Found Usocwawu's Armour Shoppe.
  1399 | D:3      | Reached skill level 1 in Conjurations
  1399 | D:3      | Reached skill level 1 in Hexes
  1399 | D:3      | Reached skill level 1 in Summonings
  1399 | D:3      | Reached skill level 1 in Necromancy
  1399 | D:3      | Reached skill level 1 in Translocations
  1399 | D:3      | Reached skill level 1 in Transmutations
  1399 | D:3      | Reached skill level 1 in Fire Magic
  1399 | D:3      | Reached skill level 1 in Ice Magic
  1399 | D:3      | Reached skill level 1 in Air Magic
  1399 | D:3      | Reached skill level 1 in Earth Magic
  1399 | D:3      | Reached skill level 1 in Poison Magic
  1494 | D:4      | Noticed Blork the orc
  1502 | D:4      | Killed Blork the orc
  1503 | D:4      | Reached XP level 5. HP: 33/41 MP: 5/7
  1999 | D:3      | Found a burning altar of Makhleb.
  2000 | D:3      | Found a snail-covered altar of Cheibriados.
  2648 | D:5      | Entered Level 5 of the Dungeon
  2648 | D:5      | Noticed a centaur
  2653 | D:5      | Killed a centaur
  2654 | D:5      | Reached skill level 5 in Dodging
  2654 | D:5      | Reached XP level 6. HP: 47/47 MP: 7/9
  2695 | D:5      | Identified the +11 trident "Lacertilianbane" {pain, rF+
                  | Will+}
  3161 | D:6      | Noticed a black bear
  3176 | D:6      | Killed a black bear
  3177 | D:6      | Reached skill level 7 in Unarmed Combat
  3177 | D:6      | Reached XP level 7. HP: 26/52 MP: 10/10
  3409 | D:6      | Found a sand-covered staircase.
  3413 | Ossuary  | Entered an ossuary
  3599 | Ossuary  | Reached XP level 8. HP: 39/60 MP: 12/12
  4714 | D:6      | Reached XP level 9. HP: 66/66 MP: 14/14
  5047 | D:7      | Reached skill level 5 in Fighting
  5410 | D:7      | Noticed a boulder beetle
  5422 | D:7      | Killed a boulder beetle
  5423 | D:7      | Reached skill level 8 in Unarmed Combat
  5423 | D:7      | Reached skill level 5 in Invocations
  5450 | D:7      | HP: 1/68 [killer bee (5)]
  5508 | D:7      | Noticed Pikel
  5519 | D:7      | Killed Pikel
  5520 | D:7      | Reached skill level 5 in Short Blades
  5520 | D:7      | Reached skill level 5 in Long Blades
  5520 | D:7      | Reached skill level 5 in Axes
  5520 | D:7      | Reached skill level 5 in Maces & Flails
  5520 | D:7      | Reached skill level 5 in Polearms
  5520 | D:7      | Reached skill level 5 in Staves
  5520 | D:7      | Reached skill level 5 in Ranged Weapons
  5520 | D:7      | Reached skill level 5 in Throwing
  5520 | D:7      | Reached skill level 5 in Armour
  5520 | D:7      | Reached skill level 5 in Stealth
  5520 | D:7      | Reached skill level 5 in Shields
  5520 | D:7      | Reached skill level 5 in Spellcasting
  5520 | D:7      | Reached skill level 5 in Evocations
  5520 | D:7      | Reached XP level 10. HP: 9/76 MP: 17/17
  5821 | D:8      | Found a broken altar of Ashenzari.
  7334 | D:7      | Found a staircase to the Ecumenical Temple.
  7345 | Temple   | Entered the Ecumenical Temple
  7532 | Temple   | Became a worshipper of Warmaster Okawaru
  8390 | D:8      | Noticed a two-headed ogre
  8401 | D:8      | Killed a two-headed ogre
  8401 | D:8      | Reached * piety under Okawaru
  8742 | D:8      | Found Lebul's Fire Supplies.
  8857 | D:8      | Reached XP level 11. HP: 75/83 MP: 19/19
  8884 | D:9      | Reached ** piety under Okawaru
  8956 | D:8      | Found an ornate altar of the Wu Jian Council.
  8962 | D:8      | Reached skill level 9 in Unarmed Combat
  9050 | D:8      | Reached skill level 5 in Conjurations
  9050 | D:8      | Reached skill level 5 in Hexes
  9050 | D:8      | Reached skill level 5 in Summonings
  9050 | D:8      | Reached skill level 5 in Necromancy
  9050 | D:8      | Reached skill level 5 in Translocations
  9050 | D:8      | Reached skill level 5 in Transmutations
  9050 | D:8      | Reached skill level 5 in Fire Magic
  9050 | D:8      | Reached skill level 5 in Ice Magic
  9050 | D:8      | Reached skill level 5 in Air Magic
  9050 | D:8      | Reached skill level 5 in Earth Magic
  9050 | D:8      | Reached skill level 5 in Poison Magic
  9124 | D:8      | Noticed a two-headed ogre
  9134 | D:8      | Killed a two-headed ogre
  9751 | D:10     | Entered Level 10 of the Dungeon
  9789 | D:10     | Found a staircase to the Lair.
 10135 | Lair:1   | Entered Level 1 of the Lair of Beasts
 10155 | D:10     | Noticed Snorg
 10173 | D:10     | Killed Snorg
 10173 | D:10     | Reached *** piety under Okawaru
 10218 | D:10     | Learned a level 3 spell: Frozen Ramparts
 10221 | D:10     | Learned a level 2 spell: Cigotuvi's Dreadful Rot
 10270 | D:11     | Noticed Maurice
 10277 | D:11     | Maurice stole a ring of ice
 10278 | D:11     | Killed Maurice
 10489 | D:10     | Noticed Urug
 10498 | D:10     | Slain by Urug

Illustrated notes

Levels and vault maps discovered:
D:1:      giann_bridges, layout_basic
D:2:      layout_basic
D:3:      cheibrodos_greedy_goblins, layout_loops_cross, minitemple,
          serial_shops, shop
D:4:      layout_cave_pods, uniq_blork_the_orc
D:5:      layout_basic
D:6:      layout_gridville, enter_ossuary_5, dreamdust_gnoll_farm
D:7:      hangedman_cross_stitches, layout_rooms,
          minmay_temple_entry_antechambers, uniq_pikel
D:8:      layout_rooms, mainiacjoe_overflow_large_starburst,
          nicolae_shop_fire_sale [nicolae_sub_dead_trees],
          chequers_serial_rivers_micro_a
D:9:      layout_big_octagon, nrook_mini_vaults
D:10:     layout_basic, david_lair_generic, orc_0_dummy,
          lightli_bailey_entry_fortress, uniq_snorg, uniq_urug
D:11:     layout_basic, gammafunk_ghost_arena, okawaru_trees_1, uniq_maurice
Temple:   dpeg_five_rooms_temple
Lair:1:   statuecave_lemuel, layout_long_grid, basic_altar

Skill      XL: |  1  2  3  4  5  6  7  8  9 10 11 |
---------------+----------------------------------+-----
Invocations    | 1 2 3 4 5 6 7 |  7.1
Short Blades   | 1 2 3 5 6 |  6.5
Long Blades    | 1 2 3 5 6 |  6.5
Axes           | 1 2 3 5 6 |  6.5
Maces & Flails | 1 2 3 5 6 |  6.5
Polearms       | 1 2 3 5 6 |  6.5
Staves         | 1 2 3 5 6 |  6.5
Ranged Weapons | 1 2 3 5 6 |  6.5
Throwing       | 1 2 3 5 6 |  6.5
Armour         | 1 2 3 5 6 |  6.5
Stealth        | 1 2 3 5 6 |  6.5
Shields        | 1 2 3 5 6 |  6.5
Spellcasting   | 1 2 3 5 6 |  6.5
Evocations     | 1 2 3 5 6 |  6.5
Conjurations   | 1 2 3 4 5 |  5.3
Hexes          | 1 2 3 4 5 |  5.3
Summonings     | 1 2 3 4 5 |  5.3
Necromancy     | 1 2 3 4 5 |  5.3
Translocations | 1 2 3 4 5 |  5.3
Transmutations | 1 2 3 4 5 |  5.3
Fire Magic     | 1 2 3 4 5 |  5.3
Ice Magic      | 1 2 3 4 5 |  5.3
Air Magic      | 1 2 3 4 5 |  5.3
Earth Magic    | 1 2 3 4 5 |  5.3
Poison Magic   | 1 2 3 4 5 |  5.3
Fighting       | 3 4 5 6 7 |  7.0
Dodging        | 5 6 7 8 |  8.0
Unarmed Combat | 7 8 9 |  9.3
Shapeshifting  | 7 8 |  8.9

Action                     |  1- 3 |  4- 6 |  7- 9 | 10-12 || total
---------------------------+-------+-------+-------+-------++-------
  Melee: Unarmed           |    22 |       |       |       ||    22
         Hand axe          |    29 |    79 |       |    59 ||   167
         Punch             |     1 |       |       |     3 ||     4
         Bite              |     1 |     8 |    29 |    29 ||    67
         Trident           |       |    16 |   220 |   170 ||   406
  Throw: Dart              |     1 |     1 |    10 |    16 ||    28
   Cast: Frozen Ramparts   |       |       |       |     1 ||     1
         Cigotuvi's Dreadf |       |       |       |     1 ||     1
 Invoke: Heroism           |       |       |       |     2 ||     2
  Evoke: Wand              |       |       |     2 |     3 ||     5
    Use: Scroll            |       |     9 |     8 |     5 ||    22
         Potion            |       |       |     7 |     2 ||     9
 Armour: Ring mail         |    27 |    57 |   169 |    67 ||   320
         Chain mail        |       |       |       |   161 ||   161
         Troll leather arm |       |       |       |    16 ||    16
  Dodge: Dodged            |    32 |    62 |   150 |   190 ||   434

Table legend: (Time is in decaauts)
 A = Elapsed time spent in this place.
 B = Non-inter-level travel time spent in this place.
 C = Inter-level travel time spent in this place.
 D = Time resting spent in this place.
 E = Time spent auto-exploring this place.
 F = Levels seen in this place.
 G = Mean time per level.
                   A        B        C        D        E       F      G
               +--------+--------+--------+--------+--------+-----+--------+
         Total |  10577 |  10411 |    166 |   2738 |   3597 |  14 |  755.5 |
       Dungeon |   9582 |   9416 |    166 |   2336 |   3557 |  11 |  871.1 |
        Temple |    446 |    446 |      0 |    200 |      0 |   1 |  446.0 |
          Lair |      1 |      1 |      0 |      0 |      0 |   1 |    1.0 |
       Ossuary |    546 |    546 |      0 |    202 |     40 |   1 |  546.0 |
               +--------+--------+--------+--------+--------+-----+--------+

Top non-repeatable levels by time:
     D:6: 2208 daAuts
     D:8: 1281 daAuts
     D:7: 1018 daAuts
     D:4: 969 daAuts
     D:5: 908 daAuts
     D:3: 822 daAuts
     D:2: 647 daAuts
     D:9: 607 daAuts
     D:1: 554 daAuts
 Ossuary: 546 daAuts
  Temple: 446 daAuts
    D:10: 396 daAuts
    D:11: 167 daAuts
  Lair:1: 1 daAuts
